 Dungeon Crawl Stone Soup version 0.28-a0-687-gb91baff9cc (webtiles) character file.

Game seed: 1696964103745840631

171 acebull12 the Magician (level 5, 0/37 HPs)
             Began as a Djinni Air Elementalist on Oct 20, 2021.
             Slain by a wight (6 damage)
             ... in the Ecumenical Temple.
             The game lasted 00:11:13 (4157 turns).

acebull12 the Magician (Djinni Air Elementalist)    Turns: 4157, Time: 00:11:14

Health: 0/37       AC:  3    Str:  7    XL:     5   Next: 81%
Gold:   119        EV: 12    Int: 18    God:
                   SH:  0    Dex: 13

rFire   + + .      SeeInvis .   d - +0 short sword
rCold   x . .      Faith    .   (no shield)
rNeg    . . .      Spirit   .   a - +0 robe
rPois   ∞          Reflect  .   (no helmet)
rElec   .          Harm     .   (no cloak)
rCorr   .          Rampage  .   m - +0 pair of gloves
Will    .....                   (boots unavailable)
Stlth   ++........              (no amulet)
HPRegen 0.12/turn               (no ring)
MPRegen 0.00/turn               (no ring)

@: sluggish, flying, very slow
A: sickness immunity, fire resistance 2, cold vulnerability 1, float, innate
caster, hp casting, extra vitality 1
a: no special abilities


You were in the Ecumenical Temple.
You visited 2 branches of the dungeon, and saw 6 of its levels.

You collected 119 gold pieces.

Inventory:

Hand Weapons
 d - a +0 short sword (weapon)
Missiles
 e - 77 stones
Armour
 a - a +0 robe (worn)
 m - a +0 pair of gloves (worn)
Scrolls
 f - a scroll of acquirement {unknown}
 g - a scroll of noise {unknown}
 i - 3 scrolls of blinking {unknown}
 l - 2 scrolls of enchant weapon {unknown}
 n - a scroll of identify {unknown}
 p - 2 scrolls of enchant armour {unknown}
 r - 3 scrolls of teleportation {unknown}
Potions
 b - a potion of ambrosia {unknown}
 c - a potion of lignification {unknown}
 h - 2 potions of degeneration {unknown}
 j - a potion of attraction {unknown}
 k - a potion of brilliance {unknown}
 o - a potion of heal wounds {unknown}
 q - 3 potions of curing {unknown}


   Skills:
 * Level 1.3 Fighting
 + Level 2.3 Dodging
 - Level 1.7 Stealth
 * Level 4.4 Spellcasting


You couldn't memorise any spells.
You knew the following spells:

 Your Spells              Type           Power      Damage    Failure   Level
a - Shock                 Conj/Air       76%        1d7       2%          1
b - Static Discharge      Conj/Air       19%        N/A       3%          2
c - Swiftness             Air            19%        N/A       7%          3
d - Airstrike             Air            9%         N/A       22%         4
e - Freeze                Ice            76%        1d9       2%          1
f - Wereblood             Tmut           19%        N/A       3%          2
Your spell library was empty.

Dungeon Overview and Level Annotations

Branches:
Dungeon (7/15)             Temple (1/1) D:7

Altars:
Elyvilon
Hepliaklqana
Sif Muna
Xom

Shops:
D:4 =

Annotations:
D:2 1 runed translucent door, Crazy Yiuf


Innate Abilities, Weirdness & Mutations

You are immune to sickness and miasma.
You are immune to poison.
Your flesh is very heat resistant. (rF++)
You are vulnerable to cold. (rC-)
You float through the air rather than walking.
You learn spells naturally, not from books.
Your magical power is your life essence.
You have superior vitality. (+4 HP)


Message History

Found a stone staircase leading down.
A wight comes into view. It is wielding a +0 war axe.
Found a pair of boots.
Found 12 gold pieces.
A scorpion and 2 wights come into view.
Found a staircase to the Ecumenical Temple.
A wight comes into view. It is wielding a +3 great sword.
Found a plate armour.
The scorpion completely misses you.
You start to feel a little slower.
A wight comes into view. It is wielding a +4 dagger.
You feel sluggish.
Found 15 poisoned darts.
There is a staircase to the Ecumenical Temple here.
You can't go up here!
Unknown command.
The wight completely misses you. The scorpion stings you.
The wight closely misses you.
You fly downwards.
Welcome to the Ecumenical Temple!
Found three altars.
There is a staircase back to the Dungeon here.
The scorpion stings you. The scorpion misses you. The wight misses you.
The wight misses you. The scorpion stings you. The scorpion misses you.
The scorpion closely misses you.
The wight hits you with a +3 great sword.
The wight closely misses you.
You start to feel a little faster.
The scorpion closely misses you. The scorpion barely misses you.
The scorpion stings you!
* * * LOW HITPOINT WARNING * * *
The scorpion stings you.
* * * LOW HITPOINT WARNING * * *
The wight closely misses you. The scorpion closely misses you.
The wight closely misses you. The scorpion stings you.
* * * LOW HITPOINT WARNING * * *
The wight hits you with a +3 great sword.
You die...

♣≈#......
♣≈..#..._
♣≈#.# ...
♣≈..# 8
♣≈#.##### #
♣≈........
♣≈#z#.#.#.#
♣≈sz.......
♣≈≈@≈≈≈≈≈≈≈
♣♣♣♣♣♣♣♣♣♣♣


You could see a scorpion and 2 wights.

Vanquished Creatures
  Terence (D:2)
  3 gnolls (D:2)
  4 adders
  5 worms
  2 dart slugs
  An orc (D:3)
  4 ball pythons
  5 endoplasms
  5 giant cockroaches
  5 goblins
  3 hobgoblins
  4 kobolds
  4 quokkas
  9 bats
  7 frilled lizards
  6 rats
68 creatures vanquished.

Vanquished Creatures (others)
  A fungus (D:1)
1 creature vanquished.

Grand Total: 69 creatures vanquished

Notes
Turn   | Place    | Note
-------+----------+-------------------------------------------
     0 | D:1      | acebull12 the Djinni Air Elementalist began the quest for
                  | the Orb.
     0 | D:1      | Reached XP level 1. HP: 15/15 MP: 0/0
   306 | D:1      | Reached XP level 2. HP: 15/22 MP: 0/0
   578 | D:1      | Reached skill level 3 in Spellcasting
   804 | D:1      | Reached XP level 3. HP: 25/26 MP: 0/0
   804 | D:1      | Learned a level 1 spell: Freeze
   973 | D:1      | Found a faded altar of an unknown god.
  1477 | D:2      | Noticed Terence
  1485 | D:2      | Killed Terence
  1486 | D:2      | Reached skill level 1 in Fighting
  1486 | D:2      | Reached XP level 4. HP: 20/32 MP: 0/0
  2202 | D:2      | Found a runed translucent door.
  2203 | D:2      | Noticed Crazy Yiuf
  2269 | D:2      | Reached XP level 5. HP: 30/37 MP: 0/0
  2269 | D:2      | Learned a level 2 spell: Wereblood
  2284 | D:2      | Reached skill level 4 in Spellcasting
  3889 | D:4      | Found Maetoniq's Jewellery Shop.
  4112 | D:4      | You are sucked into a shaft and drop 3 floors!
  4132 | D:7      | Found a staircase to the Ecumenical Temple.
  4146 | Temple   | Entered the Ecumenical Temple
  4157 | Temple   | Slain by a wight

Illustrated notes

Levels and vault maps discovered:
D:1:      minmay_arrival_four_circles, layout_rooms,
          dreamdust_ecumenical_altar_hidden_monk_grotto
D:2:      layout_basic, uniq_crazy_yiuf_cottage, uniq_terence
D:3:      layout_basic, mainiacjoe_overflow_alcove_4
D:4:      layout_loops_ring, nicolae_ru_sacrificial_ziggurat, serial_shops,
          nicolae_shop_waterfront
D:7:      layout_loops_ring, minmay_temple_entry_tees
Temple:   lightli_temple_of_artemis

Skill      XL: |  1  2  3  4  5 |
---------------+----------------+-----
Spellcasting   | 3 4 |  4.4
Fighting       | 1 |  1.3
Dodging        | |  2.3
Stealth        | |  1.7

Action                   |  1- 3 |  4- 6 || total
-------------------------+-------+-------++-------
Melee: Short sword       |     2 |     3 ||     5
 Cast: Shock             |    65 |    97 ||   162
       Freeze            |     4 |     4 ||     8
       Wereblood         |       |     2 ||     2
       Swiftness         |       |     1 ||     1
Armor: Robe              |     1 |     4 ||     5
Dodge: Dodged            |     5 |    26 ||    31

Table legend: (Time is in decaauts)
 A = Elapsed time spent in this place.
 B = Non-inter-level travel time spent in this place.
 C = Inter-level travel time spent in this place.
 D = Time resting spent in this place.
 E = Time spent auto-exploring this place.
 F = Levels seen in this place.
 G = Mean time per level.
                   A        B        C        D        E       F      G
               +--------+--------+--------+--------+--------+-----+--------+
         Total |   4161 |   3885 |    276 |    470 |   3031 |   6 |  693.5 |
       Dungeon |   4145 |   3869 |    276 |    470 |   3031 |   5 |  829.0 |
        Temple |     15 |     15 |      0 |      0 |      0 |   1 |   15.0 |
               +--------+--------+--------+--------+--------+-----+--------+

Top non-repeatable levels by time:
     D:2: 1572 daAuts
     D:3: 1244 daAuts
     D:1: 1119 daAuts
     D:4: 180 daAuts
     D:7: 28 daAuts
  Temple: 15 daAuts
